TOP OF THE 1ST |
Springfield Simpsons batting - Pitching for Butler White Sox : RHP Cliff Erwin
|
Pitching: RHP Cliff Erwin
|
|
Batting: LHB Jesús Raugel
|
0-0: Called Strike 0-1: Ball 1-1: Called Strike 1-2: Hit by Pitch
|
Batting: LHB Bruce Foster
|
0-0: Foul Ball, location: 2F 0-1: Ball 1-1: Foul Ball, location: 2F 1-2: Fly out, F8 (Flyball, 8RS)
|
Batting: RHB Marcos Castillo
|
0-0: Ball Jesús Raugel is caught stealing 2nd base 1-0: Ground out 5-3 (Groundball, 56)
|
Top of the 1st over - 0 run(s), 0 hit(s), 0 error(s), 0 left on base; Springfield 0 - Butler 0 |
BOTTOM OF THE 1ST |
Butler White Sox batting - Pitching for Springfield Simpsons : LHP Alberto Martínez
|
Pitching: LHP Alberto Martínez
|
|
Batting: RHB Luis Fuentes
|
0-0: Ball 1-0: Called Strike 1-1: Called Strike 1-2: Ball 2-2: Foul Ball, location: 2F 2-2: Foul Ball, location: 2F 2-2: Ball 3-2: Base on Balls
|
Batting: RHB Bo Vickers
|
0-0: Ball 1-0: Called Strike Throwing error on steal attempt, E2 Luis Fuentes to third 1-1: Ball 2-1: Ball 3-1: Called Strike 3-2: Strikes out looking
|
Batting: LHB Dave Cook
|
0-0: Ball 1-0: Ball 2-0: Foul Ball, location: 2F 2-1: Swinging Strike 2-2: Strikes out swinging
|
Batting: LHB Thomas Dixon
|
0-0: Swinging Strike 0-1: Called Strike 0-2: Foul Ball, location: 2F 0-2: Ball 1-2: Fly out, F9 (Line Drive, 9)
|
Bottom of the 1st over - 0 run(s), 0 hit(s), 1 error(s), 1 left on base; Springfield 0 - Butler 0 |
TOP OF THE 2ND |
Springfield Simpsons batting - Pitching for Butler White Sox : RHP Cliff Erwin
|
Batting: LHB Mitchell Oglethorpe
|
0-0: Foul Ball, location: 2F 0-1: Ball 1-1: Ball 2-1: Ball 3-1: Base on Balls
|
Batting: RHB José Velázquez
|
0-0: Foul Ball, location: 2F 0-1: Ball 1-1: Ball 2-1: Swinging Strike 2-2: Ball 3-2: Base on Balls Mitchell Oglethorpe to second
|
Batting: RHB Bob Carr
|
0-0: Fly out, F7 (Line Drive, 7)
|
Batting: RHB Gustavo Rodríguez
|
0-0: Called Strike 0-1: Ball 1-1: Ball 2-1: Called Strike 2-2: Foul Ball, location: 2F 2-2: Foul Ball, location: 2F 2-2: Strikes out swinging
|
Batting: RHB Taylor Justice
|
0-0: Foul Ball, location: 2F 0-1: Ball 1-1: Ball 2-1: SINGLE (Groundball, 56D) Mitchell Oglethorpe to third José Velázquez to second Runner from 3rd tries for Home, SAFE, throw made home
|
Batting: LHB Simăo Polido
|
0-0: Ball 1-0: Fielders Choice at 2nd, 6-4 (Groundball, 6)
|
Top of the 2nd over - 1 run(s), 1 hit(s), 0 error(s), 1 left on base; Springfield 1 - Butler 0 |
BOTTOM OF THE 2ND |
Butler White Sox batting - Pitching for Springfield Simpsons : LHP Alberto Martínez
|
Batting: LHB Denny Allen
|
0-0: Ball 1-0: Ball 2-0: Ground out U3 (Groundball, 34)
|
Batting: RHB Jerry Moore
|
0-0: Called Strike 0-1: Called Strike 0-2: SINGLE (Groundball, 6MD)
|
Batting: RHB Bobby Murdock
|
0-0: Foul Ball, location: 2F 0-1: Ball 1-1: Swinging Strike 1-2: Foul Ball, location: 2F 1-2: SINGLE (Line Drive, 6D) Jerry Moore to second Jerry Moore to third
|
Batting: RHB José Darias
|
0-0: Foul Ball, location: 2F 0-1: SINGLE (Groundball, 4MD) Jerry Moore scores Bobby Murdock to second Runner from 2nd tries for 3rd, OUT after rundown.
|
Batting: RHB Steve Clifton
|
0-0: Ball Wild Pitch! José Darias to second 1-0: Called Strike 1-1: Foul Ball, location: 2F 1-2: Ground out 5-3 (Groundball, 5)
|
Bottom of the 2nd over - 1 run(s), 3 hit(s), 0 error(s), 1 left on base; Springfield 1 - Butler 1 |
TOP OF THE 3RD |
Springfield Simpsons batting - Pitching for Butler White Sox : RHP Cliff Erwin
|
Batting: LHB Jesús Raugel
|
0-0: Called Strike 0-1: Ball 1-1: Ball 2-1: Ball 3-1: Base on Balls
|
Batting: LHB Bruce Foster
|
0-0: Ball Jesús Raugel steals 2nd base 1-0: SINGLE (Line Drive, 8LS) Jesús Raugel to third
|
Batting: RHB Marcos Castillo
|
0-0: Ball 1-0: Called Strike 1-1: Called Strike 1-2: Strikes out swinging
|
Batting: LHB Mitchell Oglethorpe
|
0-0: Called Strike 0-1: Foul Ball, location: 2F 0-2: Ball 1-2: Strikes out looking
|
Batting: RHB José Velázquez
|
0-0: Called Strike 0-1: Ball 1-1: Ball 2-1: Ball 3-1: Foul Ball, location: 2F 3-2: Base on Balls Bruce Foster to second
|
Batting: RHB Bob Carr
|
0-0: Ball 1-0: Ball 2-0: Ball 3-0: Base on Balls Jesús Raugel scores Bruce Foster to third José Velázquez to second
|
Batting: RHB Gustavo Rodríguez
|
0-0: Called Strike 0-1: Swinging Strike 0-2: Ball 1-2: Strikes out swinging
|
Top of the 3rd over - 1 run(s), 1 hit(s), 0 error(s), 3 left on base; Springfield 2 - Butler 1 |
BOTTOM OF THE 3RD |
Butler White Sox batting - Pitching for Springfield Simpsons : LHP Alberto Martínez
|
Batting: RHB Luis Fuentes
|
0-0: Ball 1-0: Called Strike 1-1: Ball 2-1: Fly out, F9 (Flyball, 9LS)
|
Batting: RHB Bo Vickers
|
0-0: Ground out 6-3 (Groundball, 6)
|
Batting: LHB Dave Cook
|
0-0: Ball 1-0: Ball 2-0: Ball 3-0: Called Strike 3-1: Base on Balls
|
Batting: LHB Thomas Dixon
|
0-0: Swinging Strike 0-1: Ball 1-1: Foul Ball, location: 2F 1-2: Foul Ball, location: 2F 1-2: Ball 2-2: Ball 3-2: Foul Ball, location: 2F 3-2: Strikes out swinging
|
Bottom of the 3rd over - 0 run(s), 0 hit(s), 0 error(s), 1 left on base; Springfield 2 - Butler 1 |
TOP OF THE 4TH |
Springfield Simpsons batting - Pitching for Butler White Sox : RHP Cliff Erwin
|
Batting: RHB Taylor Justice
|
0-0: Called Strike 0-1: Ball 1-1: Called Strike 1-2: Ball Error on foul ball, E3 2-2: Foul Ball, location: 2F 2-2: Fly out, F7 (Flyball, 78D)
|
Batting: LHB Simăo Polido
|
0-0: Ball 1-0: Called Strike 1-1: Fly out, F4 (Popup, 34)
|
Batting: LHB Jesús Raugel
|
0-0: Ball 1-0: Fly out, F7 (Flyball, 7LM)
|
Top of the 4th over - 0 run(s), 0 hit(s), 1 error(s), 0 left on base; Springfield 2 - Butler 1 |
BOTTOM OF THE 4TH |
Butler White Sox batting - Pitching for Springfield Simpsons : LHP Alberto Martínez
|
Batting: LHB Denny Allen
|
0-0: Ball 1-0: Ball 2-0: Called Strike 2-1: Ball 3-1: Base on Balls
|
Batting: RHB Luis Ramos
|
0-0: Ball 1-0: Ball 2-0: Fly out, F8 (Flyball, 8LM)
|
Batting: RHB Bobby Murdock
|
0-0: Ball 1-0: Called Strike Denny Allen steals 2nd base 1-1: Ball 2-1: Fly out, F6 (Line Drive, 6)
|
Batting: RHB José Darias
|
0-0: Ball 1-0: Ball 2-0: Swinging Strike 2-1: Ground out U3 (Groundball, 34)
|
Bottom of the 4th over - 0 run(s), 0 hit(s), 0 error(s), 1 left on base; Springfield 2 - Butler 1 |
TOP OF THE 5TH |
Springfield Simpsons batting - Pitching for Butler White Sox : RHP Cliff Erwin
|
Now in LF: Luis Ramos
|
|
Batting: LHB Bruce Foster
|
0-0: Called Strike 0-1: Foul Ball, location: 2F 0-2: Strikes out swinging
|
Batting: RHB Marcos Castillo
|
0-0: Called Strike 0-1: Called Strike 0-2: Ball 1-2: Foul Ball, location: 2F 1-2: Ball 2-2: SOLO HOME RUN (Flyball, 7D), Distance : 355 ft
|
Batting: LHB Mitchell Oglethorpe
|
0-0: Called Strike 0-1: Foul Ball, location: 2F 0-2: Foul Ball, location: 2F 0-2: Ground out 6-3 (Groundball, 56)
|
Batting: RHB José Velázquez
|
0-0: Called Strike 0-1: Swinging Strike 0-2: Strikes out swinging
|
Top of the 5th over - 1 run(s), 1 hit(s), 0 error(s), 0 left on base; Springfield 3 - Butler 1 |
BOTTOM OF THE 5TH |
Butler White Sox batting - Pitching for Springfield Simpsons : LHP Alberto Martínez
|
Batting: RHB Steve Clifton
|
0-0: Ball 1-0: Foul Ball, location: 2F 1-1: Ball 2-1: SOLO HOME RUN (Flyball, 9D), Distance : 373 ft
|
Batting: RHB Luis Fuentes
|
0-0: Ball 1-0: SINGLE (Groundball, 4MD)
|
Batting: RHB Bo Vickers
|
0-0: Called Strike 0-1: Ball 1-1: DOUBLE (Line Drive, 78S) Luis Fuentes to third
|
Batting: LHB Dave Cook
|
0-0: Foul Ball, location: 2F 0-1: Called Strike 0-2: Ball 1-2: Foul Ball, location: 2F 1-2: Ball 2-2: Ball 3-2: Base on Balls
|
Batting: LHB Thomas Dixon
|
0-0: Called Strike 0-1: Ball 1-1: Swinging Strike 1-2: Ball 2-2: Ball 3-2: SINGLE (Flyball, 78S) Luis Fuentes scores Bo Vickers to third Dave Cook to second Runner from 3rd tries for Home, throw and OUT! Dave Cook to third Thomas Dixon to second
|
Pitching: RHP Ramón Sánchez
|
|
Batting: LHB Denny Allen
|
0-0: Ground out 3-1 (Groundball, 34S) Dave Cook scores Thomas Dixon to third
|
Batting: RHB Luis Ramos
|
0-0: Ball 1-0: Called Strike 1-1: Swinging Strike 1-2: Ball 2-2: Ball 3-2: Foul Ball, location: 2F 3-2: Ground out U3 (Groundball, 3)
|
Bottom of the 5th over - 3 run(s), 4 hit(s), 0 error(s), 1 left on base; Springfield 3 - Butler 4 |
TOP OF THE 6TH |
Springfield Simpsons batting - Pitching for Butler White Sox : RHP Cliff Erwin
|
Pitching: RHP Eric Wilson
|
|
Batting: RHB Bob Carr
|
0-0: Swinging Strike 0-1: Foul Ball, location: 2F 0-2: TRIPLE (Line Drive, 8LD)
|
Batting: RHB Gustavo Rodríguez
|
0-0: Ball Wild Pitch! Bob Carr scores 1-0: Ball 2-0: Ball 3-0: Base on Balls
|
Batting: RHB Taylor Justice
|
0-0: Ball 1-0: Fly out, F7 (Flyball, 7LM)
|
Batting: LHB Simăo Polido
|
0-0: Ball 1-0: Ball 2-0: Swinging Strike 2-1: Called Strike 2-2: Foul Ball, location: 2F 2-2: Strikes out swinging
|
Batting: LHB Jesús Raugel
|
0-0: DOUBLE (Line Drive, 7LM) Gustavo Rodríguez to third
|
Batting: LHB Bruce Foster
|
0-0: Called Strike 0-1: Ball 1-1: Foul Ball, location: 2F 1-2: Foul Ball, location: 2F 1-2: Foul Ball, location: 2F 1-2: Foul Ball, location: 2F 1-2: Strikes out swinging
|
Top of the 6th over - 1 run(s), 2 hit(s), 0 error(s), 2 left on base; Springfield 4 - Butler 4 |
BOTTOM OF THE 6TH |
Butler White Sox batting - Pitching for Springfield Simpsons : RHP Ramón Sánchez
|
Batting: RHB Bobby Murdock
|
0-0: Called Strike 0-1: Swinging Strike 0-2: Ball 1-2: Foul Ball, location: 2F 1-2: Ball 2-2: Ball 3-2: Strikes out swinging
|
Batting: RHB José Darias
|
0-0: Foul Ball, location: 2F 0-1: Fly out, F8 (Flyball, 8RM)
|
Batting: RHB Steve Clifton
|
0-0: Ball 1-0: SINGLE (Line Drive, 5)
|
Batting: RHB Luis Fuentes
|
0-0: Ball 1-0: Ground out 1-3 (Groundball, P)
|
Bottom of the 6th over - 0 run(s), 1 hit(s), 0 error(s), 1 left on base; Springfield 4 - Butler 4 |
TOP OF THE 7TH |
Springfield Simpsons batting - Pitching for Butler White Sox : RHP Eric Wilson
|
Batting: RHB Marcos Castillo
|
0-0: Ball 1-0: Foul Ball, location: 2F 1-1: Swinging Strike 1-2: Strikes out swinging
|
Batting: LHB Mitchell Oglethorpe
|
0-0: Called Strike 0-1: Foul Ball, location: 2F 0-2: Ball 1-2: Strikes out swinging
|
Batting: RHB José Velázquez
|
0-0: Called Strike 0-1: Ball 1-1: Foul Ball, location: 2F 1-2: Ball 2-2: Strikes out swinging
|
Top of the 7th over - 0 run(s), 0 hit(s), 0 error(s), 0 left on base; Springfield 4 - Butler 4 |
BOTTOM OF THE 7TH |
Butler White Sox batting - Pitching for Springfield Simpsons : RHP Ramón Sánchez
|
Batting: RHB Bo Vickers
|
0-0: Ball 1-0: Ball 2-0: Foul Ball, location: 2F 2-1: Called Strike 2-2: Ball 3-2: Base on Balls
|
Pitching: LHP Justin Short
|
|
Pinch Hitting: RHB Ken Longoria
|
0-0: Called Strike 0-1: Foul Ball, location: 2F 0-2: Ball 1-2: Strikes out looking
|
Pinch Hitting: RHB Tom Lang
|
0-0: Called Strike 0-1: Single, Error in OF, E9, batter to second base Bo Vickers to third
|
Pitching: LHP Michael Miller
|
|
Pinch Hitting: SHB Giel Molendijk
|
0-0: Foul Ball, location: 2F 0-1: Ball 1-1: Ground out 6-3 (Groundball, 6)
|
Batting: RHB Luis Ramos
|
0-0: Called Strike 0-1: Foul Ball, location: 2F 0-2: Strikes out swinging
|
Bottom of the 7th over - 0 run(s), 1 hit(s), 1 error(s), 2 left on base; Springfield 4 - Butler 4 |
TOP OF THE 8TH |
Springfield Simpsons batting - Pitching for Butler White Sox : RHP Eric Wilson
|
Now at 1B: Ken Longoria
|
|
Now at 2B: Tomás Escobar
|
|
Now in RF: Giel Molendijk
|
|
Batting: RHB Bob Carr
|
0-0: Called Strike 0-1: Fly out, F3 (Popup, 3S)
|
Batting: RHB Gustavo Rodríguez
|
0-0: Ball 1-0: Swinging Strike 1-1: Foul Ball, location: 2F 1-2: Strikes out looking
|
Batting: RHB Taylor Justice
|
0-0: Called Strike 0-1: Ground out 4-3 (Groundball, 4)
|
Top of the 8th over - 0 run(s), 0 hit(s), 0 error(s), 0 left on base; Springfield 4 - Butler 4 |
BOTTOM OF THE 8TH |
Butler White Sox batting - Pitching for Springfield Simpsons : LHP Michael Miller
|
Batting: RHB Bobby Murdock
|
0-0: Called Strike 0-1: Ball 1-1: Ball 2-1: Called Strike 2-2: Strikes out swinging
|
Batting: RHB José Darias
|
0-0: Ball 1-0: Foul Ball, location: 2F 1-1: Swinging Strike 1-2: Strikes out swinging
|
Batting: RHB Steve Clifton
|
0-0: Called Strike 0-1: Ball 1-1: Ground out 5-3 (Groundball, 56)
|
Bottom of the 8th over - 0 run(s), 0 hit(s), 0 error(s), 0 left on base; Springfield 4 - Butler 4 |
TOP OF THE 9TH |
Springfield Simpsons batting - Pitching for Butler White Sox : RHP Eric Wilson
|
Pitching: RHP Archie Summers
|
|
Pinch Hitting: LHB Raúl Morales
|
0-0: Foul Ball, location: 2F 0-1: Called Strike 0-2: Ball 1-2: Ball 2-2: Ground out 4-3 (Groundball, 4M)
|
Batting: LHB Jesús Raugel
|
0-0: Ball 1-0: Foul Ball, location: 2F 1-1: Swinging Strike 1-2: Foul Ball, location: 2F 1-2: Hit by Pitch
|
Batting: LHB Bruce Foster
|
0-0: Ball 1-0: Called Strike 1-1: Swinging Strike 1-2: SINGLE (Groundball, 6MD) Jesús Raugel to second
|
Batting: RHB Marcos Castillo
|
0-0: Called Strike Jesús Raugel steals 3rd base Bruce Foster to second 0-1: Ball 1-1: Called Strike 1-2: Ball 2-2: Ball 3-2: Fly out, F6 (Popup, 56S)
|
Batting: LHB Mitchell Oglethorpe
|
0-0: Ball 1-0: Swinging Strike 1-1: Called Strike 1-2: Ball 2-2: Foul Ball, location: 2F 2-2: Foul Ball, location: 2F 2-2: Foul Ball, location: 2F 2-2: Foul Ball, location: 2F 2-2: Ball 3-2: Base on Balls
|
Batting: RHB José Velázquez
|
0-0: Called Strike 0-1: Ball 1-1: Ball 2-1: Foul Ball, location: 2F 2-2: Ball 3-2: Foul Ball, location: 2F 3-2: Strikes out looking
|
Top of the 9th over - 0 run(s), 1 hit(s), 0 error(s), 3 left on base; Springfield 4 - Butler 4 |
BOTTOM OF THE 9TH |
Butler White Sox batting - Pitching for Springfield Simpsons : LHP Michael Miller
|
Now in LF: Tomás Galindo
|
|
Batting: RHB Luis Fuentes
|
0-0: Ball 1-0: Ball 2-0: Fly out, F5 (Line Drive, 56S)
|
Batting: RHB Bo Vickers
|
0-0: SINGLE (Groundball, 56D)
|
Pinch Runner at 1st Sam Haynes:
|
|
Batting: RHB Ken Longoria
|
0-0: Called Strike 0-1: Foul Ball, location: 2F 0-2: Hit by Pitch Sam Haynes to second
|
Pinch Hitting: RHB Cássio Cardenas
|
0-0: Ball 1-0: Called Strike 1-1: SINGLE (Line Drive, 89S) Sam Haynes to third Ken Longoria to second Runner from 3rd tries for Home, SAFE, throw made at trailing runner, OUT at third!
|
Thursday, March 30th, 2017 - OOTP Baseball 17.12 Build 75
|
|